Map: [ESL] Tropical Sacrifice

Players

Harstem - Winner!

  • Race: Protoss Protoss
  • Spawn Location: 1:00

MeomaikA

  • Race: Zerg Zerg
  • Spawn Location: 7:00

Event: DreamHack SC2 Masters 2022 Valencia

VOD

Have the link to the VOD?

Description

Time

  • Played on: July 1, 2022, 2:14 p.m.
  • Length: 10:46

All games in this series

Show
View Real Time Build Order
Export as new Build Order

Harstem Protoss - Winner!

Build Orders: 1 Gate Expand, Oracle Opening 

Get SALT Encoding   

  12  0:00  Probe  
  13  0:12  Probe  
  14  0:22  Pylon  
  14  0:24  Probe  
  15  0:40  Probe (Chrono Boost), Gateway  
  17  0:50  Probe (Chrono Boost), Assimilator  
  17  0:55  Probe (Chrono Boost)  
  18  1:06  Probe  
  18  1:10  Pylon  
  19  1:18  Probe  
  20  1:29  Nexus  
  20  1:39  Cybernetics Core  
  20  1:42  Probe  
  21  1:49  Assimilator  
  21  1:54  Probe  
  21  1:57  Pylon  
  22  2:06  Probe  
  23  2:14  Adept (Chrono Boost)  
  23  2:19  Probe  
  25  2:25  Stargate  
  25  2:31  Probe  
  25  2:37  Adept  
  26  2:43  Probe  
  28  2:49  Probe  
  28  2:55  Probe  
  30  3:07  Probe  
  34  3:14  Probe  
  34  3:15  Void Ray (Chrono Boost)  
  34  3:18  Warp Gate  
  34  3:19  Probe  
  36  3:25  Adept  
  38  3:29  Probe  
  38  3:31  Probe  
  40  3:42  Probe  
  40  3:43  Probe  
  40  3:45  Pylon  
  40  3:46  Oracle (Chrono Boost)  
  42  3:54  Probe  
  46  4:02  Pylon  
  46  4:03  Probe  
  46  4:06  Probe  
  48  4:15  Probe  
  49  4:18  Probe  
  49  4:22  Assimilator  
  49  4:23  Void Ray (Chrono Boost)  
  54  4:26  Assimilator  
  54  4:27  Probe  
  54  4:28  Pylon  
  55  4:31  Probe  
  56  4:39  Probe  
  56  4:43  Probe  
  56  4:45  Robotics Facility  
  58  4:51  Probe  
  59  4:57  Probe  
  59  4:58  Nexus  
  60  5:03  Probe  
  61  5:09  Probe  
  61  5:13  Pylon  
  66  5:16  Probe  
  66  5:17  Void Ray  
  67  5:24  Probe  
  68  5:29  Forge  
  68  5:31  Shield Battery  
  68  5:34  Observer, Robotics Bay  
  69  5:37  Adept, Probe  
  69  5:39  Probe  
  73  5:44  Pylon  
  73  5:49  Probe  
  74  5:51  Probe  
  74  5:53  Gateway  
  75  6:01  Probe  
  75  6:03  Probe  
  77  6:08  Sentry  
  77  6:09  Shield Battery  
  83  6:11  Void Ray, Pylon  
  83  6:18  Disruptor (Chrono Boost), Shield Battery  
  83  6:21  Shield Battery  
  83  6:25  Shield Battery  
  88  6:30  Photon Cannon  
  88  6:32  Photon Cannon  
  86  6:33  Sentry  
  86  6:34  Probe  
  86  6:35  Probe  
  86  6:38  Probe  
  91  6:44  Disruptor (Chrono Boost)  
  91  6:46  Probe  
  96  6:57  Pylon, Adept  
  96  6:59  Void Ray  
  97  7:03  Adept  
  99  7:12  Disruptor (Chrono Boost)  
  101  7:22  Adept  
  101  7:29  Probe  
  105  7:30  Probe x2  
  105  7:31  Assimilator  
  105  7:33  Pylon, Zealot  
  106  7:37  Assimilator  
  106  7:38  Protoss Ground Weapons Level 1  
  106  7:40  Gateway  
  106  7:42  Pylon, Probe  
  107  7:44  Disruptor (Chrono Boost)  
  107  7:45  Gateway  
  110  7:56  Protoss Air Weapons Level 1  
  107  7:59  Zealot x2  
  107  8:00  Probe x2  
  107  8:01  Pylon  
  107  8:02  Observer, Pylon  
  107  8:04  Twilight Council  
  113  8:07  Stargate  
  113  8:10  Probe  
  114  8:14  Gateway  
  114  8:15  Gateway  
  114  8:18  Gateway  
  114  8:19  Zealot x2  
  118  8:37  Zealot  
  112  8:47  Probe  
  107  8:50  Charge (Chrono Boost), Void Ray, Probe  
  109  8:57  Zealot x2  
  109  8:59  Templar Archives  
  109  9:01  Nexus, Shield Battery  
  112  9:03  Probe  
  112  9:04  Pylon  
  112  9:06  Probe  
  112  9:08  Warp Prism (Chrono Boost)  
  114  9:11  Probe  
  117  9:20  Pylon  
  117  9:22  Zealot  
  119  9:25  Photon Cannon, Probe (Chrono Boost)  
  119  9:26  Probe (Chrono Boost), Shield Battery  
  122  9:34  Probe (Chrono Boost)  
  122  9:35  Pylon  
  122  9:36  High Templar x5  
  122  9:38  Probe (Chrono Boost), High Templar  
  134  9:42  Archon x2  
  135  9:54  Zealot  
  137  10:00  Probe  
  137  10:02  Gateway  
  137  10:03  Gateway  
  137  10:05  Archon, Shield Battery  
  138  10:09  Zealot x3  
  144  10:20  Zealot x4  
  147  10:42  Zealot x7  
Show
View Real Time Build Order
Export as new Build Order

MeomaikA Zerg 

Build Orders: Pool First 

Get SALT Encoding   

  12  0:00  Drone  
  13  0:08  Drone  
  14  0:17  Overlord  
  14  0:27  Drone, Extractor  
  15  0:35  Drone x2  
  17  0:46  Spawning Pool  
  17  0:48  Drone  
  17  1:10  Drone x2  
  19  1:12  Extractor  
  19  1:15  Drone  
  19  1:20  Hatchery  
  18  1:32  Zergling x2  
  19  1:33  Queen  
  19  1:37  Zergling x2  
  22  1:48  Overlord  
  22  2:07  Drone  
  23  2:09  Queen, Drone  
  26  2:18  Metabolic Boost  
  26  2:21  Drone  
  27  2:31  Drone  
  27  2:33  Drone  
  29  2:44  Drone x3  
  29  2:45  Drone  
  29  2:46  Drone  
  32  2:56  Zergling x2  
  33  3:02  Zergling x2  
  34  3:05  Hatchery  
  34  3:07  Zergling x2  
  34  3:12  Lair  
  34  3:18  Spore Crawler, Drone  
  34  3:21  Drone  
  34  3:22  Extractor  
  34  3:23  Drone  
  36  3:27  Drone  
  36  3:30  Spore Crawler  
  36  3:32  Drone  
  36  3:37  Overlord  
  36  3:55  Overlord  
  36  3:57  Drone x6  
  36  4:00  Drone  
  36  4:02  Drone  
  43  4:10  Hydralisk Den  
  43  4:11  Zergling x2  
  43  4:14  Overseer  
  43  4:17  Drone x2  
  43  4:21  Zergling x4  
  43  4:23  Overlord  
  47  4:33  Drone x4  
  50  4:39  Muscular Augments  
  49  4:46  Hydralisk x3  
  49  4:50  Hydralisk  
  55  4:53  Drone  
  55  4:54  Drone  
  55  4:56  Drone  
  58  5:00  Extractor, Overlord  
  58  5:02  Drone  
  58  5:10  Overlord  
  58  5:18  Overlord  
  58  5:19  Drone x6  
  58  5:20  Drone  
  65  5:23  Overlord  
  65  5:24  Zergling x2  
  66  5:28  Hydralisk  
  66  5:29  Hydralisk  
  66  5:32  Zergling x4  
  66  5:35  Hydralisk  
  73  5:38  Hydralisk  
  75  5:45  Hydralisk x2  
  79  5:52  Hydralisk x2  
  79  5:54  Hydralisk  
  79  5:55  Zergling x2  
  79  5:56  Zergling x4  
  88  5:59  Zergling x2  
  88  6:00  Overlord  
  88  6:01  Zergling x2  
  89  6:06  Overlord  
  89  6:10  Grooved Spines  
  88  6:11  Queen  
  90  6:19  Hydralisk x2  
  90  6:20  Zergling x2  
  90  6:21  Zergling x6  
  90  6:23  Overlord  
  90  6:25  Zergling x2  
  99  6:26  Zergling x2  
  99  6:28  Zergling x4  
  99  6:32  Zergling x4  
  104  6:33  Hydralisk  
  106  6:41  Zergling x2  
  106  6:46  Zergling x6  
  106  6:47  Overlord x2  
  109  6:50  Zergling x2  
  109  6:52  Overlord  
  109  6:55  Hydralisk  
  109  6:57  Overlord, Hydralisk  
  109  6:59  Overlord  
  113  7:03  Zergling x2  
  113  7:05  Zergling x2  
  113  7:07  Zergling x2  
  113  7:08  Zergling x2  
  115  7:10  Zergling x4, Hydralisk  
  115  7:15  Zergling x2  
  115  7:20  Zergling x4  
  107  7:23  Hydralisk  
  107  7:24  Zergling x4  
  107  7:25  Hydralisk  
  107  7:28  Hydralisk  
  107  7:29  Hydralisk  
  115  7:36  Hydralisk  
  114  7:41  Hydralisk x2  
  118  7:47  Zergling x2  
  118  7:49  Hatchery  
  118  7:50  Zergling x2  
  111  7:51  Zergling x2  
  111  7:58  Zergling x4  
  100  7:59  Hydralisk x2  
  100  8:00  Drone x3, Hydralisk  
  100  8:03  Zergling x2  
  100  8:05  Infestation Pit  
  103  8:06  Drone x2  
  103  8:07  Zergling x2  
  103  8:09  Extractor  
  103  8:12  Drone  
  106  8:18  Zergling x4  
  108  8:21  Zergling x2  
  108  8:25  Hydralisk  
  108  8:26  Hydralisk x2  
  114  8:27  Hydralisk  
  114  8:29  Zergling x2  
  114  8:31  Zergling x4  
  114  8:32  Zergling x4  
  112  8:38  Zergling x2  
  112  8:39  Zergling x2  
  112  8:40  Zergling x2  
  103  8:42  Zergling x2  
  103  8:43  Zergling x2  
  103  8:44  Drone  
  103  8:48  Hive  
  101  8:49  Drone  
  101  8:50  Drone  
  101  8:53  Extractor x2  
  101  8:54  Drone  
  102  8:57  Drone x3  
  102  9:00  Drone x2  
  107  9:03  Evolution Chamber  
  107  9:08  Drone x2  
  107  9:20  Drone x7  
  107  9:22  Overlord  
  114  9:24  Overlord, Hydralisk  
  116  9:46  Drone x5  
  116  9:47  Drone x2  
  116  9:49  Drone x3, Extractor  
  125  9:58  Viper  
  125  9:59  Viper x3  
  137  10:01  Hydralisk x3  
  137  10:02  Zergling x8  
  137  10:04  Overlord, Overseer  
  147  10:07  Overlord  
  147  10:09  Overlord  
  147  10:11  Hydralisk  
  147  10:13  Hydralisk  
  151  10:14  Zergling x2  
  151  10:18  Zergling x2  
  151  10:19  Overlord  
  152  10:22  Overlord  
  152  10:26  Overlord  
  152  10:27  Overlord  

Tags
 
Add a new tag
Caveats
  • Supply blocks, unpowered buildings, or Contaminate may cause inaccurate times.
  • Supply counts are checked every 10 seconds.